Map: Catalesque CE

Players

tOmas - Winner!

  • Race: Protoss Protoss
  • Spawn Location: 5:00

Hector - Winner!

  • Race: Protoss Protoss
  • Spawn Location: 5:00

Ekelpack

  • Race: Zerg Zerg
  • Spawn Location: 11:00

Nyck

  • Race: Terran Terran
  • League: Silver
  • Spawn Location: 11:00

VOD

Have the link to the VOD?

Description

Time

  • Played on: Nov. 8, 2024, 3:37 p.m.
  • Length: 11:09
Show
View Real Time Build Order
Export as new Build Order

tOmas Protoss - Winner!

Build Orders: 1 Gate Expand, Zealot Archon 

Get SALT Encoding   

  12  0:00  Probe  
  13  0:12  Probe  
  14  0:18  Pylon  
  14  0:24  Probe (Chrono Boost)  
  15  0:36  Probe (Chrono Boost)  
  15  0:39  Gateway  
  16  0:45  Probe (Chrono Boost)  
  17  0:50  Probe  
  18  1:03  Probe  
  19  1:04  Assimilator  
  19  1:15  Probe  
  20  1:21  Pylon  
  20  1:27  Cybernetics Core  
  20  1:29  Probe  
  21  1:44  Nexus  
  21  1:49  Probe  
  21  1:52  Assimilator  
  22  2:03  Warp Gate (Chrono Boost)  
  22  2:08  Adept  
  22  2:10  Gateway  
  22  2:12  Probe  
  24  2:24  Probe  
  24  2:28  Gateway  
  25  2:44  Adept, Probe  
  26  2:47  Pylon  
  28  2:56  Probe  
  28  2:57  Adept  
  31  3:00  Probe  
  31  3:08  Probe  
  31  3:12  Probe  
  33  3:20  Probe  
  33  3:24  Probe  
  33  3:25  Shield Battery  
  35  3:32  Probe  
  36  3:37  Probe  
  37  3:44  Probe  
  38  3:50  Probe  
  38  3:51  Gateway  
  38  3:54  Robotics Facility  
  39  3:56  Probe  
  39  4:01  Adept x3  
  46  4:04  Probe  
  46  4:07  Pylon  
  46  4:08  Probe  
  48  4:16  Probe  
  49  4:20  Probe  
  49  4:30  Stalker x3  
  55  4:34  Assimilator  
  55  4:35  Assimilator  
  53  4:42  Probe  
  53  4:43  Probe  
  51  4:50  Twilight Council  
  51  4:52  Forge  
  51  4:54  Probe  
  51  4:55  Probe  
  51  4:59  Stalker  
  55  5:00  Stalker x2  
  55  5:06  Shield Battery  
  55  5:07  Probe x2  
  60  5:10  Pylon  
  61  5:19  Probe  
  62  5:22  Protoss Ground Weapons Level 1  
  62  5:23  Probe  
  57  5:36  Blink  
  57  5:37  Templar Archives, Pylon  
  57  5:44  Probe x2  
  57  5:48  Nexus  
  59  5:56  Pylon  
  58  6:01  Stalker x3  
  64  6:09  Probe x2  
  66  6:21  Probe x2  
  66  6:24  Pylon  
  68  6:33  Probe x2  
  68  6:37  Gateway  
  68  6:39  Pylon  
  70  6:43  High Templar x2  
  70  6:45  Probe  
  70  6:46  Probe  
  76  6:48  Assimilator, Archon  
  76  6:52  Assimilator  
  76  6:53  High Templar x2  
  80  6:57  Archon  
  80  6:58  Probe (Chrono Boost)  
  80  6:59  Probe (Chrono Boost)  
  82  7:03  Probe (Chrono Boost)  
  84  7:10  Probe (Chrono Boost)  
  84  7:11  Probe (Chrono Boost)  
  84  7:12  Probe (Chrono Boost)  
  84  7:15  Probe x2 (Chrono Boost)  
  86  7:17  Probe (Chrono Boost)  
  86  7:19  Immortal  
  93  7:23  Nexus  
  93  7:25  Forge  
  93  7:28  Photon Cannon  
  93  7:29  Charge, Probe, Photon Cannon  
  95  7:30  Shield Battery, Probe  
  95  7:35  Protoss Ground Armor Level 1 (Chrono Boost)  
  95  7:38  Probe  
  95  7:41  Pylon  
  95  7:42  Probe  
  97  7:45  Pylon  
  97  7:48  Zealot x2  
  97  7:49  Zealot x3  
  97  7:50  Pylon  
  107  7:53  Probe x2  
  107  7:58  Protoss Shields Level 1 (Chrono Boost)  
  109  7:59  Probe  
  109  8:05  Probe  
  111  8:14  Stalker  
  111  8:15  Stalker x4  
  119  8:33  Immortal  
  115  8:36  Shield Battery, Photon Cannon  
  115  8:37  Pylon  
  115  8:38  Pylon  
  115  8:39  Stalker  
  115  8:40  Stalker x3  
  118  8:42  Zealot  
  120  8:49  Gateway  
  120  8:51  Gateway  
  120  8:53  Gateway  
  120  8:58  Probe x3  
  120  9:02  Photon Cannon  
  123  9:03  Shield Battery  
  123  9:08  High Templar x2  
  123  9:09  High Templar x2  
  131  9:10  Zealot  
  131  9:12  Archon  
  131  9:13  Archon  
  132  9:20  Immortal  
  135  9:25  Assimilator  
  135  9:26  Assimilator  
  135  9:33  Zealot  
  121  9:48  Stalker x3  
  121  9:49  Stalker x4  
  133  10:00  Immortal  
  133  10:01  Nexus  
  133  10:04  Assimilator  
  133  10:06  Assimilator, Probe  
  133  10:07  Probe x2  
  140  10:14  Zealot x2  
  140  10:15  Zealot  
  140  10:16  High Templar x4  
  140  10:19  Zealot, Archon  
  140  10:20  Archon  
  120  10:52  Zealot x2  
  120  10:53  Zealot x6  
  120  10:56  Probe x2  
  138  10:59  Robotics Facility x2  
Show
View Real Time Build Order
Export as new Build Order

Hector Protoss - Winner!

Build Orders:  

Get SALT Encoding   

  12  0:01  Probe  
  13  0:13  Probe  
  14  0:24  Pylon  
  14  0:26  Probe  
  15  0:42  Probe  
  16  0:46  Gateway  
  16  0:51  Assimilator  
  16  0:54  Probe (Chrono Boost)  
  17  1:02  Pylon  
  18  1:04  Probe (Chrono Boost)  
  18  1:09  Probe (Chrono Boost)  
  19  1:19  Pylon  
  19  1:24  Probe (Chrono Boost)  
  20  1:34  Probe (Chrono Boost)  
  20  1:39  Probe (Chrono Boost)  
  21  1:40  Cybernetics Core  
  22  1:49  Gateway  
  22  1:50  Probe  
  23  1:55  Assimilator  
  23  2:02  Probe  
  24  2:17  Stalker  
  26  2:36  Pylon  
  26  2:40  Nexus  
  26  2:42  Probe (Chrono Boost)  
  27  2:53  Probe (Chrono Boost)  
  27  2:57  Probe (Chrono Boost)  
  28  3:01  Stalker x2  
  33  3:07  Warp Gate (Chrono Boost)  
  33  3:09  Probe  
  34  3:22  Forge  
  34  3:23  Twilight Council  
  34  3:25  Probe  
  35  3:40  Shield Battery  
  35  3:44  Shield Battery  
  35  3:48  Assimilator  
  35  3:51  Stalker  
  35  3:54  Probe x2  
  39  4:06  Probe  
  40  4:10  Blink  
  40  4:12  Protoss Ground Weapons Level 1  
  40  4:17  Stalker  
  42  4:57  Stalker x2  
  46  5:05  Gateway  
  46  5:07  Gateway  
  46  5:11  Gateway x2  
  46  5:13  Gateway  
  46  5:35  Photon Cannon  
  46  5:38  Shield Battery  
  46  5:43  Shield Battery, Photon Cannon  
  46  6:03  Dark Shrine  
  46  6:11  Charge  
  46  6:18  Stalker x3  
  48  6:19  Stalker x3  
  48  6:20  Stalker  
  55  6:38  Probe (Chrono Boost)  
  57  6:48  Probe (Chrono Boost)  
  57  6:53  Probe (Chrono Boost), Photon Cannon  
  57  6:58  Shield Battery  
  58  7:04  Probe  
  59  7:15  Stalker  
  61  7:16  Probe  
  62  7:39  Pylon  
  62  7:41  Pylon  
  62  7:50  Nexus  
  62  7:55  Pylon  
  62  7:57  Pylon  
  62  7:58  Pylon  
  62  8:01  Zealot x2  
  62  8:02  Zealot x2  
  70  8:26  Photon Cannon  
  70  8:29  Photon Cannon  
  70  8:35  Photon Cannon  
  70  8:42  Dark Templar x2  
  70  8:43  Dark Templar x2  
  78  9:07  Zealot  
  80  9:10  Zealot  
  80  9:11  Zealot  
  80  9:14  Zealot  
  74  10:06  Stalker x4  
  74  10:07  Stalker x2  
  86  10:21  Dark Templar  
  86  10:42  Robotics Facility  
  86  10:44  Robotics Facility  
Show
View Real Time Build Order
Export as new Build Order

Ekelpack Zerg 

Build Orders: Hatch First 

Get SALT Encoding   

  12  0:00  Drone  
  13  0:13  Overlord  
  13  0:17  Drone  
  14  0:31  Drone  
  15  0:45  Hatchery  
  15  0:49  Drone  
  15  1:04  Spawning Pool  
  15  1:06  Drone  
  15  1:10  Extractor  
  14  1:13  Drone  
  14  1:16  Drone  
  16  1:21  Drone  
  17  1:31  Drone  
  18  1:42  Drone  
  19  1:52  Queen  
  21  1:54  Drone  
  21  1:58  Queen  
  21  2:00  Zergling x2  
  25  2:05  Drone  
  26  2:15  Drone  
  27  2:17  Overlord  
  27  2:30  Lair  
  27  2:32  Drone  
  28  2:40  Drone x2, Extractor  
  28  2:41  Drone  
  30  2:45  Drone x2  
  30  2:48  Extractor  
  31  2:55  Drone  
  31  2:57  Drone  
  33  3:05  Drone  
  34  3:09  Drone x2  
  36  3:13  Overlord  
  36  3:22  Extractor  
  36  3:23  Drone  
  36  3:28  Spire  
  36  3:30  Drone  
  36  3:34  Drone  
  36  3:35  Drone x5  
  36  3:39  Overlord  
  42  3:46  Drone x2  
  44  3:57  Overlord  
  44  4:00  Drone  
  45  4:06  Overlord  
  45  4:09  Overlord  
  40  4:40  Mutalisk x4  
  40  4:41  Mutalisk x2  
  48  4:54  Zergling x10  
  48  4:55  Zergling x2  
  54  5:09  Queen  
  54  5:13  Zerg Flyer Weapons Level 1  
  55  5:32  Drone x4  
  55  5:33  Drone  
  60  5:37  Metabolic Boost  
  60  5:55  Mutalisk x2  
  64  5:59  Mutalisk x3  
  70  6:14  Overlord  
  70  6:18  Hatchery  
  69  6:42  Infestation Pit  
  68  6:55  Zergling x2, Overlord  
  68  6:56  Zergling x12  
  68  6:57  Zergling x2  
  74  7:23  Mutalisk x4  
  74  7:24  Overlord, Mutalisk x3  
  88  7:35  Hive  
  88  7:38  Drone  
  88  7:39  Drone x2  
  91  7:45  Drone x3  
  94  8:03  Drone x2  
  94  8:04  Drone x5  
  101  8:07  Extractor  
  101  8:09  Extractor  
  91  8:53  Ultralisk Cavern  
  90  8:56  Drone x3  
  90  8:57  Drone x2  
  90  9:00  Overlord x2  
  90  9:01  Overlord  
  95  9:10  Evolution Chamber  
  95  9:12  Evolution Chamber  
  95  9:14  Adrenal Glands  
  66  9:49  Ultralisk x3  
  66  9:50  Ultralisk x3  
  101  9:57  Anabolic Synthesis  
  101  10:00  Zergling x8  
  101  10:01  Zergling x12  
  107  10:15  Pneumatized Carapace  
  84  10:33  Zergling x4  
  84  10:34  Zergling x12  
  84  10:35  Zergling x8  
  64  10:43  Drone  
Show
View Real Time Build Order
Export as new Build Order

Nyck Terran 

Build Orders:  

Get SALT Encoding   

  12  0:00  SCV  
  13  0:12  SCV  
  14  0:17  Supply Depot  
  14  0:24  SCV  
  15  0:39  SCV  
  16  0:43  Barracks  
  16  0:54  SCV, Refinery  
  17  1:03  Refinery  
  17  1:06  SCV  
  18  1:18  SCV  
  19  1:34  Reaper  
  19  1:38  Barracks  
  19  1:39  Orbital Command  
  20  1:50  Supply Depot  
  20  2:05  SCV  
  21  2:17  SCV  
  21  2:18  Supply Depot, Barracks Reactor  
  22  2:27  Barracks Tech Lab  
  22  2:31  Barracks  
  22  2:32  SCV  
  23  2:45  Command Center  
  23  2:49  Combat Shield  
  23  2:53  SCV  
  24  2:59  Marine x2  
  26  3:09  SCV  
  27  3:16  Marauder  
  27  3:19  Barracks Reactor  
  29  3:21  Supply Depot, SCV  
  30  3:33  SCV  
  32  3:48  Marauder  
  32  3:51  SCV  
  33  3:56  Barracks  
  33  3:57  Marine x2  
  35  4:06  Marine x2  
  37  4:11  SCV, Factory  
  38  4:45  Marine  
  38  4:46  Marine x3  
  38  4:47  Marauder  
  38  4:49  SCV  
  45  4:54  Concussive Shells  
  45  4:57  Supply Depot  
  45  4:59  Orbital Command  
  45  5:08  SCV  
  45  5:13  Starport  
  46  5:14  Factory Reactor  
  46  5:19  Supply Depot  
  46  5:20  SCV  
  47  5:28  SCV  
  48  5:30  Marine x4, Marauder  
  48  5:32  SCV  
  55  5:38  Supply Depot  
  55  5:41  SCV  
  56  5:44  SCV  
  57  5:53  SCV  
  57  5:56  SCV  
  59  5:57  Command Center  
  59  6:00  Marine  
  59  6:01  Marine x3  
  65  6:04  Marauder  
  65  6:05  SCV, Barracks Reactor  
  65  6:08  Supply Depot, SCV  
  67  6:17  SCV  
  68  6:20  SCV  
  68  6:21  Refinery  
  68  6:24  Marine x2, Refinery  
  68  6:25  Marine x2, Marauder  
  74  6:29  SCV  
  74  6:32  Supply Depot  
  76  6:33  SCV  
  76  6:38  Medivac  
  76  6:39  Medivac  
  81  6:42  Marine  
  81  6:46  SCV x2  
  84  6:51  Engineering Bay  
  84  6:52  Engineering Bay  
  84  6:58  SCV x2  
  86  7:05  Marine  
  86  7:06  Marauder  
  86  7:07  Marine  
  90  7:08  Medivac x2  
  94  7:18  Armory  
  94  7:22  Starport  
  94  7:23  SCV x2  
  94  7:24  Terran Infantry Weapons Level 1  
  94  7:25  Terran Infantry Armor Level 1  
  94  7:28  Marauder  
  94  7:29  Marine x3  
  100  7:30  Marine x3  
  100  7:35  SCV  
  105  7:40  SCV  
  106  7:48  Supply Depot  
  106  7:49  Marauder  
  108  8:02  Orbital Command  
  108  8:08  SCV x2  
  108  8:10  Marauder  
  108  8:12  Supply Depot  
  112  8:20  SCV x2  
  112  8:34  Supply Depot  
  112  8:35  Stimpack  
  112  8:38  Terran Vehicle And Ship Armor Level 1  
  112  8:39  Marine x2  
  112  8:40  Marine x4  
  118  8:41  Marauder  
  118  8:42  SCV  
  118  8:43  SCV x2  
  123  8:54  SCV  
  123  8:55  SCV x2  
  126  8:58  Supply Depot  
  126  9:01  Refinery  
  126  9:04  Refinery  
  126  9:07  SCV x3  
  129  9:10  Command Center  
  129  9:19  SCV x3  
  129  9:21  Supply Depot  
  131  9:31  SCV  
  105  9:47  Supply Depot  
  100  9:59  Marine x5, Marauder  
  107  10:06  Marine  
  108  10:09  Supply Depot  
  104  10:16  Marine  
  104  10:17  Marine  
  104  10:20  Marauder  
  99  10:24  SCV x3  
  99  10:27  Marine x4  
  97  10:33  Supply Depot  
  97  10:34  Marine x2  
  99  10:36  SCV x2  
  99  10:37  SCV  
  99  10:42  Marauder  
Tags
 
Add a new tag
Caveats
  • Supply blocks, unpowered buildings, or Contaminate may cause inaccurate times.
  • Supply counts are checked every 10 seconds.